 Dungeon Crawl Stone Soup version 0.31.0-12-g77e489cdc1 (webtiles) character file.

Game seed: 14635573079411015970

538 Marvel the Chopper (level 7, -9/61 HPs)
             Began as a Hill Orc Fighter on Feb 16, 2024.
             Killed from afar by Dowan (22 damage)
             ... with a shard of ice
             ... on level 4 of the Dungeon.
             The game lasted 00:03:26 (3218 turns).

Marvel the Chopper (Hill Orc Fighter)               Turns: 3218, Time: 00:03:26

Health: -9/61      AC: 10    Str: 21    XL:     7   Next: 26%
Magic:  7/7        EV:  9    Int:  8    God:
Gold:   153        SH:  4    Dex: 10    Spells: 6/6 levels left

rFire   . . .        a - +0 war axe
rCold   . . .        c - +0 buckler
rNeg    . . .        b - +0 scale mail
rPois   .            (no helmet)
rElec   .            (no cloak)
rCorr   .            (no gloves)
SInv    .            r - +2 pair of boots {rampage}
Will    .....        (no amulet) Stlth
                     (no ring)
HPRegen 0.30/turn    (no ring)
MPRegen 0.10/turn

%: rampage
@: no status effects
A: no striking features
a: no special abilities


You were on level 4 of the Dungeon.
You visited 1 branch of the dungeon, and saw 4 of its levels.

You collected 153 gold pieces.

Inventory:

Hand Weapons
 a - a +0 war axe (weapon)
Missiles
 t - 4 poisoned darts (quivered)
Armour
 b - a +0 scale mail (worn)
 c - a +0 buckler (worn)
 r - a +2 pair of boots of rampaging (worn)
Jewellery
 p - a ring of fire
Scrolls
 e - a scroll of summoning {unknown}
 f - 2 scrolls of blinking {unknown}
 g - a scroll of enchant armour {unknown}
 h - a scroll of poison {unknown}
 i - 2 scrolls of vulnerability {unknown}
 j - 4 scrolls of immolation {unknown}
 n - 2 scrolls of revelation {unknown}
 o - a scroll of teleportation {unknown}
 q - a scroll of torment {unknown}
 s - 2 scrolls of identify {unknown}
Potions
 d - 2 potions of might
 k - a potion of curing {unknown}
 l - a potion of brilliance {unknown}
 m - a potion of berserk rage {unknown}


   Skills:
 + Level 5.3 Fighting
 + Level 6.8 Axes
 + Level 5.0 Armour
 + Level 1.1 Dodging
 + Level 4.2 Shields


You had 6 spell levels left.
You didn't know any spells.
Your spell library contained the following spells:

 Spells                   Type           Power      Damage    Failure   Level
 Gell's Gravitas          Tloc           0%         N/A       99%         3
 Teleport Other           Tloc           0%         N/A       99%         3
 Dispersal                Tloc           0%         N/A       100%        6


Dungeon Overview and Level Annotations

Branches:
Dungeon (4/15)
 Temple: D:4-7

Altars:
Xom
The Shining One

Shops:
D:1 !

Annotations:
D:4 Dowan


Message History

Dowan hits you but does no damage.
Dowan hits you with a +4 dagger of speed.
Dowan casts a spell at you.
The stone arrow hits you but does no damage.
You are too injured to fight recklessly!
You are too injured to fight recklessly!
You barely miss Dowan.
Dowan is lightly wounded.
Dowan hits you but does no damage. x2
You hit Dowan.
Dowan is moderately wounded.
Dowan gestures at you while chanting. The shard of ice hits you!
Dowan gestures at you while chanting.
The shard of ice hits you but does no damage.
You hit Dowan but do no damage.
Dowan is moderately wounded.
Dowan hits you with a +4 dagger of speed!
Dowan hits you with a +4 dagger of speed.
You slash Dowan!
Dowan is severely wounded.
Dowan casts a spell.
Dowan blinks!
You hit Dowan.
Dowan is severely wounded.
Dowan hits you but does no damage.
Dowan hits you with a +4 dagger of speed.
* * * LOW HITPOINT WARNING * * *
Dowan points at you and mumbles some strange words.
The stone arrow misses you.
You closely miss Dowan.
Dowan is severely wounded.
Dowan closely misses you.
Dowan hits you with a +4 dagger of speed.
* * * LOW HITPOINT WARNING * * *
You miss Dowan.
Dowan is severely wounded.
Dowan casts a spell at you. The shard of ice hits you!!
You die...

#..# #.# #### #..# #.# #### #♣..#
#..# #.# ...# #._.###..# #.# ...#
#..♣.##..# ##### #.#
...#######....##..# #...# #.####
...'.....'....'...# #.#.# #.....
...#######....#...##.#.#.# ######
...# #......@....#.#.# # #'##
#######e.####.#.#.# # #.# #..#
#.#.#.# # #.# #..# #.#.#.# # #.#
#..####.#.#.# # #.#
#####.........#.# # #.#
#.......###.###.# #
#.##########.####....#.# #.# #
#..................#...###.######


You could see Dowan (fast).

Vanquished Creatures
  Duvessa (D:4)
  A black bear (D:4)
  A brain worm (D:4)
  A scorpion (D:4)
  A jelly (D:4)
  Terence (D:2)
  2 gnolls
  6 adders
  5 dart slugs
  3 ribbon worms
  An orc (D:3)
  3 bats
  7 endoplasms
  3 giant cockroaches (D:3)
  10 goblins
  7 hobgoblins
  2 jackals (D:4)
  5 kobolds (D:1)
  4 quokkas
  6 ball pythons
  7 frilled lizards
  4 rats
  A butterfly (D:4)
82 creatures vanquished.

Notes
Turn   | Place    | Note
-------+----------+-------------------------------------------
     0 | D:1      | Marvel the Hill Orc Fighter began the quest for the Orb.
     0 | D:1      | Reached XP level 1. HP: 19/19 MP: 1/1
   117 | D:1      | Reached XP level 2. HP: 27/27 MP: 2/2
   275 | D:1      | Reached skill level 3 in Axes
   314 | D:1      | Reached XP level 3. HP: 27/33 MP: 3/3
   503 | D:1      | Found Nol Papy's Distillery.
   822 | D:2      | Reached XP level 4. HP: 33/40 MP: 4/4
   963 | D:2      | Reached skill level 4 in Axes
  1018 | D:2      | Noticed Terence
  1033 | D:2      | Killed Terence
  1210 | D:2      | Reached XP level 5. HP: 46/46 MP: 5/5
  2064 | D:3      | Reached skill level 5 in Axes
  2450 | D:3      | Found a glowing golden altar of the Shining One.
  2839 | D:4      | Reached XP level 6. HP: 31/55 MP: 6/6
  2934 | D:4      | Noticed Duvessa
  2934 | D:4      | Noticed Dowan
  2975 | D:4      | Killed Duvessa
  2976 | D:4      | Reached skill level 5 in Fighting
  2976 | D:4      | Reached skill level 6 in Axes
  3051 | D:4      | Noticed a black bear
  3061 | D:4      | Killed a black bear
  3062 | D:4      | Reached skill level 1 in Dodging
  3062 | D:4      | Reached XP level 7. HP: 61/61 MP: 7/7
  3077 | D:4      | Found a shimmering altar of Xom.
  3083 | D:4      | Reached skill level 5 in Armour
  3218 | D:4      | Killed from afar by Dowan

Illustrated notes

Levels and vault maps discovered:
D:1:      psy_arrival_whirlpool, layout_loops_cross, serial_shops,
          nicolae_shop_peninsula, minmay_tetromino_s2
D:2:      layout_rooms, serial_co_window_serial, co_window_paths_a,
          co_window_corner_a, co_window_paths_b, co_window_corner_a,
          co_window_corner_a, co_window_corner_a, co_window_paths_a,
          co_window_broadway_b, co_window_paths_c, co_window_2corner,
          co_window_paths_c, co_window_broadway_c, co_window_cross_2,
          glass_columns_b, glass_columns_c, uniq_terence
D:3:      minmay_octagon_keep, layout_loops_corners, amcnicky_altar_gilded,
          nicolae_tso_swordbearing_angel
D:4:      layout_basic, mainiacjoe_overflow_alcove_2, xom_butterflies,
          nicolae_overflow_crystal_walls, uniq_ijyb, uniq_duvessa

Skill      XL: |  1  2  3  4  5  6  7 |
---------------+----------------------+-----
Fighting       | 4 5 |  5.3
Axes           | 3 4 5 6 |  6.8
Armour         | 4 5 |  5.0
Shields        | 4 |  4.2
Dodging        | 1 |  1.1

Action                     |  1- 3 |  4- 6 |  7- 9 || total
---------------------------+-------+-------+-------++-------
  Melee: War axe           |    80 |   182 |    21 ||   283
 Armour: Scale mail        |    61 |   126 |    23 ||   210
  Dodge: Dodged            |    39 |    77 |     6 ||   122
  Block: Buckler           |    19 |    36 |     5 ||    60
